 Dungeon Crawl Stone Soup version 0.18-a0-1655-ge2d8d33 (webtiles) character file.

142 ololoev the Magician (level 5, -8/37 HPs)
             Began as a Merfolk Wizard on Mar 30, 2016.
             Was a Follower of Qazlal.
             Mangled by an ogre
             ... wielding a +0 giant club
              (17 damage)
             ... on level 4 of the Dungeon.
             The game lasted 00:08:30 (4469 turns).

ololoev the Magician (Merfolk Wizard)               Turns: 4469, Time: 00:08:31

Health: -8/37      AC:  8    Str:  8    XL:     5   Next: 25%
Magic:  9/9        EV:  8    Int: 17    God:    Qazlal [*.....]
Gold:   212        SH:  2    Dex: 13    Spells: 3 memorised, 3 levels left

rFire  . . .     SeeInvis .     j - +0 spear
rCold  . . .     Gourm    .     x - +0 scale mail
rNeg   . . .     Faith    .     (no shield)
rPois  .         Spirit   .     g - +0 helmet
rElec  .         Dismiss  .     p - +0 cloak
rCorr  .         Reflect  .     (no gloves)
SustAt .         Harm     .     (no boots)
MR     .....                    (no amulet)
Stlth  +.........               (no ring)
                                (no ring)

@: repel missiles, not resistant to hostile enchantments, very unstealthy
A: change form in water, swift swim
a: Renounce Religion

Inventory:

Hand Weapons
 j - a +0 spear (weapon)
Armour
 g - a +0 helmet (worn)
 n - a +0 buckler
 p - a +0 cloak (worn)
 x - a +0 scale mail (worn)
Wands
 t - a wand of digging (1/24)
Scrolls
 c - 2 scrolls of noise {unknown}
 e - a scroll of recharging {unknown}
 i - 2 scrolls of teleportation {unknown}
 k - 2 scrolls of enchant weapon {unknown}
 m - 2 scrolls of identify {unknown}
 o - 2 scrolls of blinking {unknown}
 q - a scroll of random uselessness {unknown}
 s - a scroll of remove curse {unknown}
 w - a scroll of magic mapping {unknown}
Potions
 b - a potion of magic {unknown}
 h - a potion of resistance {unknown}
 l - a potion of brilliance {unknown}
 r - a potion of curing {unknown}
 u - 2 potions of degeneration {unknown}
 v - a potion of heal wounds {unknown}
Comestibles
 a - a chunk of flesh
 d - 4 bread rations
 f - 4 meat rations


   Skills:
 + Level 1.2 Fighting
 * Level 2.8 Polearms
 * Level 1.9 Armour
 + Level 3.1 Dodging
 - Level 2.1 Stealth
 - Level 3.2 Spellcasting
 - Level 1.2 Conjurations
 - Level 1.1 Summonings
   Level 0.7 Translocations
 - Level 0.1 Air Magic
 - Level 0.2 Poison Magic
 + Level 0.9 Invocations


You had 3 spell levels left.
You knew the following spells:

 Your Spells              Type           Power        Failure   Level  Hunger
a - Mephitic Cloud        Conj/Pois/Air  #.......     100%        3    ###....
b - Call Imp              Summ           #.......     99%         2    ##.....
r - Repel Missiles        Chrm/Air       #.....       100%        2    ##.....


You were on level 4 of the Dungeon.
You worshipped Qazlal.
Qazlal was aware of your devotion.
You were not hungry.

You visited 1 branch of the dungeon, and saw 4 of its levels.

You collected 212 gold pieces.

.... #._.#
###......
......#...
#.#.......
#.#......
.######OK.#....
.#....@....#
#...###ยง....#
....###.#..(###.
..........^.....
#####.#.##..#####.
###..#.##..# ..
#......##..### .#
#.
#.##.####....##.#
#. ##. #.#
#..#.#.. #.

Notes
Turn   | Place    | Note
--------------------------------------------------------------
     0 | D:1      | ololoev the Merfolk Wizard began the quest for the Orb.
     0 | D:1      | Reached XP level 1. HP: 13/13 MP: 4/4
   149 | D:1      | Found a sparkling altar of Nemelex Xobeh.
   494 | D:1      | Reached XP level 2. HP: 20/20 MP: 0/6
   534 | D:1      | Learned a level 2 spell: Call Imp
   668 | D:1      | Reached skill level 1 in Conjurations
  1139 | D:1      | Reached XP level 3. HP: 15/25 MP: 3/7
  1144 | D:1      | Learned a level 3 spell: Mephitic Cloud
  1147 | D:1      | Learned a level 2 spell: Repel Missiles
  1250 | D:1      | Reached skill level 1 in Armour
  1684 | D:2      | Reached skill level 1 in Polearms
  2140 | D:2      | Found a faded altar to an unknown god.
  2154 | D:2      | Became a worshipper of Qazlal Stormbringer
  2154 | D:2      | Reached * piety under Qazlal
  2473 | D:3      | Found a shattered altar of Ashenzari.
  2475 | D:3      | Found a shadowy altar of Dithmenos.
  2477 | D:3      | Found a glowing golden altar of the Shining One.
  2503 | D:3      | Reached XP level 4. HP: 25/31 MP: 8/8
  2549 | D:3      | Reached skill level 1 in Fighting
  3299 | D:3      | Found an oddly glowing altar of Pakellas.
  3826 | D:3      | Reached XP level 5. HP: 35/37 MP: 9/9
  3895 | D:3      | Found an opulent altar of Gozag.
  4465 | D:4      | Noticed an ogre
  4466 | D:4      | Found a radiant altar of Vehumet.
  4469 | D:4      | Mangled by an ogre

Dungeon Overview and Level Annotations

Branches:
Dungeon (4/15)
 Temple: D:4-7

Altars:
Ashenzari
Dithmenos
Gozag
Nemelex Xobeh
Pakellas
Qazlal
Vehumet
The Shining One


Message History

You block the adder's attack. The adder bites you but does no damage.
You closely miss the adder.
The adder is moderately wounded.
The adder bites you but does no damage.
You hit the adder but do no damage.
The adder is moderately wounded.
The adder bites you but does no damage.
You barely miss the adder.
The adder is moderately wounded.
You block the adder's attack.
You hit the adder.
The adder is heavily wounded.
The adder bites you.
You barely miss the adder.
The adder is heavily wounded.
The adder bites you but does no damage. The adder barely misses you.
Your scale mail prevents you from hitting the adder.
The adder is heavily wounded.
The adder bites you but does no damage.
Your scale mail prevents you from hitting the adder.
The adder is heavily wounded.
The adder bites you but does no damage.
You closely miss the adder.
The adder is heavily wounded.
The adder bites you but does no damage.
You hit the adder.
The adder is severely wounded.
The adder barely misses you. The adder bites you but does no damage.
You hit the adder.
You kill the adder!
Qazlal accepts your kill.
No target in view!
No target in view!
No target in view!
No target in view!
No target in view!
No target in view!
No target in view!
No target in view!
No target in view!
No target in view!
No target in view!
No target in view!
No target in view!
No target in view!
A kobold and an ogre come into view.
The kobold shouts!
The ogre shouts!
There are monsters nearby!
There are monsters nearby!
There are monsters nearby!
There are monsters nearby!
Found a radiant altar of Vehumet.
The kobold zaps a wand.
The puff of flame hits you!
It is a wand of flame.
You hit the ogre but do no damage. The ogre hits you with a giant club!!
Ouch! That really hurt!
You are too injured to fight recklessly!
You are too injured to fight recklessly!
You are too injured to fight recklessly!
You are too injured to fight recklessly!
You are too injured to fight recklessly!
You are too injured to fight recklessly!
You are too injured to fight recklessly!
You are too injured to fight recklessly!
You are too injured to fight recklessly!
You are too injured to fight recklessly!
You are too injured to fight recklessly!
You are too injured to fight recklessly!
You are too injured to fight recklessly!
You are too injured to fight recklessly!
You are too injured to fight recklessly!
You are too injured to fight recklessly!
You are too injured to fight recklessly!
You are too injured to fight recklessly!
You are too injured to fight recklessly!
You are too injured to fight recklessly!
You are too injured to fight recklessly!
You hit the ogre.
The ogre is lightly wounded.
The ogre hits you with a giant club!
You die...

You could see an ogre and a kobold.

Vanquished Creatures
  6 adders
  A shadow imp (D:3)
  An ooze (D:2)
  2 worms (D:3)
  A dart slug (D:3)
  3 giant geckos
  2 orcs (D:3)
  A ball python (D:1)
  4 bats
  2 giant cockroaches
  6 goblins
  4 hobgoblins
  3 jackals
  A giant newt (D:3)
  10 kobolds
  14 rats
61 creatures vanquished.

Vanquished Creatures (collateral kills)
  2 worms (D:2)
  A giant cockroach (D:2)
  A goblin (D:2)
  2 hobgoblins
  A jackal (D:1)
  A kobold (D:2)
  2 rats (D:1)
10 creatures vanquished.

Grand Total: 71 creatures vanquished

Action                   |  1- 3 |  4- 6 || total
-------------------------+-------+-------++-------
Melee: Unarmed           |    27 |       ||    27
       Spear             |   101 |   139 ||   240
 Cast: Magic Dart        |    49 |       ||    49
       Call Imp          |     8 |       ||     8
       Repel Missiles    |     1 |       ||     1
 Stab: Sleeping          |     3 |       ||     3
       Distracted        |     1 |       ||     1
  Eat: Chunk             |     5 |     5 ||    10
       Beef jerky        |       |     1 ||     1

Vault maps used:
D:1:      dpeg_arrival_ratfight, hangedman_decor_push,
          nemelex_diamond_rough_becter
D:2:      ecumenical_altar_2
D:3:      lemuel_coloured_pillars_altar, grunt_temple_overflow_open,
          first_bread, johnstein_pakellas_dig
D:4:      yredelemnul_altar_generic, vehumet_altar_wand_db, uniq_duvessa
